[Event "GER-ch Youth-U14 2022"]
[Site "Willingen"]
[Date "2022.06.05"]
[Round "1.1"]
[White "Winkler, Yonathan"]
[Black "Deuer, Marius"]
[Result "0-1"]
[ECO "B10"]
[WhiteElo "1699"]
[BlackElo "2359"]
[Annotator "TA"]
[PlyCount "72"]
[EventDate "2022.06.05"]
[EventType "swiss"]
[EventRounds "9"]
[EventCountry "GER"]
[SourceTitle "playchess.com"]
[Source "ChessBase"]
[SourceQuality "1"]
[TimeControl "40/4500+30:900+30"]

1. e4 c6 2. Nf3 d5 3. d3 Qc7 4. Nc3 dxe4 5. dxe4 e5 6. Bc4 {[%emt 0:00:00] B10: Caro-Kann: 2 d3 and 2 c4.} Bg4 {[%emt 0:00:00] [#]} 7. Bd2 $146 ({Predecessor:} 7. h3 Bh5 8. g4 Bg6 9. Nh4 Nd7 10. a3 Ngf6 11. Qf3 Nc5 12. Nxg6 hxg6 13. Be3 {1-0 (23) Kamsky,G (2657)-Harsha,B (2485) Chess.com INT 2022}) 7... Nf6 8. h3 {[%emt 0:02:18] The position is equal.} Bh5 9. g4 Bg6 10. Qe2 b5 11. Bd3 Nfd7 12. Nh4 Nc5 13. Nf5 b4 14. Nd1 Ne6 15. c3 (15. Bc4 $14) 15... a5 16. Bc4 Nd7 17. Bxe6 fxe6 18. Nh4 Bf7 19. Be3 Be7 20. g5 Nc5 21. Qc4 Qd6 {[%emt 0:03:47] Strongly threatening ...Nd3+.} 22. Bxc5 Qxc5 23. Qxc5 Bxc5 24. Nf3 Bd6 25. Ne3 Bh5 26. Nd2 O-O 27. Rg1 ({Better is} 27. Nec4 $15 Be7 28. h4) 27... Rf4 28. Ng2 (28. Ng4 $142) 28... Rf7 $17 {[%emt 0:01:42] Black is more active.} 29. Rc1 (29. Ne3 $17) 29... Raf8 $19 30. Rf1 Be7 31. h4 {[%emt 0:04:28] [#]} (31. g6 $17 {was necessary.} Bxg6 32. Ke2) 31... bxc3 $1 32. bxc3 Bc5 {[%emt 0:00:49] A strong pair of Bishops.} 33. Ne3 Rf4 34. Rc2 Rxh4 35. Nec4 Rd8 {[%emt 0:08:36][%cal Oh4e4] ...Rxe4+! is the strong threat.} 36. Nxe5 $2 {[%emt 0:00:48] [#]} (36. f3 $19) 36... Rxe4+ $3 {[%emt 0:00:08][%mdl 512] Weighted Error Value: White=0.36/Black=0.11 (very precise)} 0-1

[Event "GER-ch Youth-U14 2022"]
[Site "Willingen"]
[Date "2022.06.05"]
[Round "1.2"]
[White "Sreyas Payyappat"]
[Black "Kieselbach, Jannik"]
[Result "1-0"]
[ECO "B90"]
[WhiteElo "2169"]
[BlackElo "1631"]
[Annotator "TA"]
[PlyCount "51"]
[EventDate "2022.06.05"]
[EventType "swiss"]
[EventRounds "9"]
[EventCountry "GER"]
[SourceTitle "playchess.com"]
[Source "ChessBase"]
[SourceQuality "1"]
[TimeControl "40/4500+30:900+30"]

1. e4 c5 2. Nf3 d6 3. d4 cxd4 4. Nxd4 Nf6 5. Nc3 a6 6. h4 {[%emt 0:00:00] B90: Sicilian Najdorf: Unusual White 6th moves, 6 Be3 Ng4 and 6 Be3 e5.} e5 7. Nb3 Be6 8. f4 {[%emt 0:00:00] White has an edge.} exf4 9. Bxf4 Nc6 10. Qd2 Be7 11. O-O-O {[%emt 0:00:00] [#]} Bg4 $146 (11... Ng4 $14) ({Predecessor:} 11... Ne5 12. h5 O-O 13. Nd4 Rc8 14. Nf5 Bxf5 15. exf5 h6 16. Be2 Re8 17. Rh3 b5 {1-0 (58) Erigaisi,A (2660)-Karthik,V (2485) New Delhi 2022}) 12. Be2 $16 Bxe2 (12... O-O $16) 13. Qxe2 $18 {[%emt 0:00:00] [#] aiming for e5.} Qc7 (13... Qc8 $16 {might work better.} 14. Nd5 (14. Bxd6 O-O $16) 14... O-O) 14. g4 ({Weaker is} 14. Nd5 Nxd5 15. exd5 (15. Rxd5 O-O $14) 15... Ne5 $16) 14... O-O 15. g5 Ne8 16. Nd5 Qd8 17. Rhg1 Kh8 18. h5 Ne5 $2 (18... a5 19. Nd4 Nxd4 20. Rxd4 Rc8) 19. Nd4 Nc7 20. Nxe7 Qxe7 21. Nf5 $1 Qe6 22. h6 (22. Rxd6 $142 Qc4 {[#]} 23. h6 $1) 22... Rfd8 $2 (22... g6 $18) 23. hxg7+ Kg8 24. Qh2 (24. Rh1 $142 Re8 25. Qh2) 24... Ng6 25. Rh1 Nf8 26. gxf8=Q+ {[%emt 0:00:13] Weighted Error Value: White=0.27 (precise) /Black=0.99} 1-0

[Event "GER-ch Youth-U14 2022"]
[Site "Willingen"]
[Date "2022.06.05"]
[Round "1.3"]
[White "Mueller, Maximilian"]
[Black "Ermitsch, Magnus"]
[Result "0-1"]
[ECO "B12"]
[WhiteElo "2299"]
[BlackElo "2222"]
[Annotator "TA"]
[PlyCount "108"]
[EventDate "2022.06.05"]
[EventType "swiss"]
[EventRounds "9"]
[EventCountry "GER"]
[SourceTitle "playchess.com"]
[Source "ChessBase"]
[SourceQuality "1"]
[TimeControl "40/4500+30:900+30"]

1. e4 c6 2. d4 d5 3. e5 Bf5 4. h4 h5 5. Bd3 Bxd3 6. Qxd3 e6 7. Nf3 Qa5+ {[%emt 0:00:00] B12: Caro-Kann: Advance Variation.} 8. c3 Qa6 9. Qxa6 Nxa6 {[%emt 0:00:00] [#] The position is equal.} 10. b3 $146 ({Predecessor:} 10. Bg5 Ne7 11. Nbd2 Nf5 12. Ke2 Be7 13. Bxe7 Kxe7 14. Nf1 Nb8 15. Ne3 Nxe3 16. Kxe3 {½-½ (51) Gara,A (2384)-Muzychuk,A (2555) Astana 2019}) 10... Rc8 11. Ba3 (11. b4 $142) 11... c5 $11 12. O-O Nh6 13. dxc5 Nxc5 14. Nd4 (14. Bxc5 $15 Bxc5 15. a4) 14... a6 15. Bxc5 Bxc5 16. Nd2 Be7 17. c4 Bxh4 18. cxd5 exd5 19. N2f3 $1 Be7 20. e6 O-O 21. Rad1 Bf6 (21... Ng4 $15) 22. Rfe1 (22. exf7+ $11 Kxf7 23. Ne2) 22... Rfe8 $17 23. Kf1 g5 24. exf7+ Kxf7 ({Don't play} 24... Nxf7 $6 25. Rxe8+ Rxe8 26. Nf5 $15) 25. Rxe8 Rxe8 26. Nc2 Rd8 27. Nb4 Ke6 28. Re1+ Kd6 ({Black should try} 28... Kf5 {White must now prevent ...g4.} 29. Rc1 Rd7) 29. Rd1 Ke6 (29... Kc5 $142 30. Nd3+ Kd6) 30. Re1+ $1 Kf5 {[%emt 0:01:08] [#] And now ...g4 would win. Black continues to play with concentration.} 31. Rd1 d4 32. Nd3 (32. Nc2 $17) 32... g4 $19 33. Ng1 (33. Nfe1 $142) 33... Nf7 34. Ne2 h4 {[%emt 0:00:40] Against Ng3+} 35. Nc5 (35. Ne1 $142) 35... Rd5 36. b4 a5 37. a3 axb4 38. axb4 b6 39. Na4 Rd6 40. Nb2 b5 41. Nd3 (41. Rd3 {is a better defense.}) 41... Ne5 {[%emt 0:00:00] Strongly threatening ...Nxd3.} 42. Nxe5 (42. Nc5 {was necessary.}) 42... Kxe5 {[%emt 0:00:00][%mdl 4096] Endgame KRB-KRN} 43. g3 $2 (43. Nc1) 43... h3 44. Nf4 Kf5 45. Nd3 Ra6 46. Nc5 Ra2 47. Kg1 Rb2 48. Nd3 Rb3 49. Kh2 Bg7 50. f3 gxf3 51. Kxh3 {[%emt 0:00:00] [#]} Rxd3 $1 52. Rxd3 Ke4 53. Ra3 d3 {[%emt 0:00:31][%cal Bd4d3,Bd3d2][%mdl 32] ( -> ...d2)} 54. Ra8 d2 {[%emt 0:00:21] Weighted Error Value: White=0.62/Black=0.15 (very precise)} 0-1

[Event "GER-ch Youth-U14 2022"]
[Site "Willingen"]
[Date "2022.06.05"]
[Round "1.4"]
[White "Hagner, Bennet"]
[Black "Torosyan, Bagrat"]
[Result "1-0"]
[ECO "B97"]
[WhiteElo "2186"]
[BlackElo "1683"]
[Annotator "TA"]
[PlyCount "57"]
[EventDate "2022.06.05"]
[EventType "swiss"]
[EventRounds "9"]
[EventCountry "GER"]
[SourceTitle "playchess.com"]
[Source "ChessBase"]
[SourceQuality "1"]
[TimeControl "40/4500+30:900+30"]

1. e4 c5 2. Nf3 d6 3. d4 cxd4 4. Nxd4 Nf6 5. Nc3 a6 6. Bg5 e6 7. f4 Qb6 8. a3 Nc6 9. Nb3 $1 Be7 {[%emt 0:00:00] B97: Sicilian Najdorf: Poisoned Pawn.} 10. Qd2 h6 11. Bxf6 Bxf6 {[%emt 0:00:00] The position is equal.} 12. O-O-O Be7 13. h4 Qc7 14. g4 b5 {[%emt 0:03:37] [#]} 15. Bg2 $146 ({Predecessor:} 15. Be2 Rb8 16. g5 b4 17. axb4 Rxb4 18. Kb1 Qb6 19. Bd3 Bb7 20. Na2 Ra4 21. Rhf1 hxg5 22. hxg5 {½-½ (72) Nickel,A (2642)-Moura,A (2508) ICCF email 2010}) 15... Rb8 16. g5 a5 17. Ne2 (17. Bf1 $11 Ba6 18. Qg2) 17... a4 $15 18. Nbd4 {[%emt 0:00:14] Qc3 is the strong threat.} b4 {[%emt 0:01:35] Inhibits Qc3. White must now prevent ...bxa3.} 19. Nxc6 Qxc6 20. axb4 Qc4 21. Nd4 Bd7 {[%emt 0:19:33] Prevents b5.} 22. b5 Qa2 (22... e5 $15 {stays ahead.} 23. fxe5 dxe5) 23. Qc3 $1 $16 {[%emt 0:00:19] Strongly threatening Kd2. Active counter play!} d5 {[%emt 0:03:24] [#]} 24. exd5 $1 a3 {[%emt 0:02:26] [#]} 25. b3 {[%emt 0:03:02] Threatens to win with dxe6.} Bd6 (25... O-O {keeps fighting.}) 26. Rhf1 $18 {[%emt 0:01:33] And now dxe6 would win.} hxg5 $2 (26... Bxb5 27. Nxb5 (27. dxe6 Qb2+ 28. Qxb2 axb2+ 29. Kxb2 Bxf1 $16) 27... Rxb5) 27. dxe6 Bxf4+ {[%emt 0:01:40] [#]} (27... Qb2+ $142 28. Qxb2 axb2+ 29. Kxb2 fxe6 30. hxg5 Ke7) 28. Rxf4 $1 gxf4 (28... Qb2+ 29. Qxb2) 29. exd7+ {[%emt 0:00:17] Weighted Error Value: White=0.08 (flawless) /Black=0.68} 1-0

[Event "GER-ch Youth-U14 2022"]
[Site "Willingen"]
[Date "2022.06.05"]
[Round "1.5"]
[White "Fruth, David"]
[Black "Besou, Hussain"]
[Result "0-1"]
[ECO "B50"]
[WhiteElo "1648"]
[BlackElo "2094"]
[Annotator "TA"]
[PlyCount "60"]
[EventDate "2022.06.05"]
[EventType "swiss"]
[EventRounds "9"]
[EventCountry "GER"]
[SourceTitle "playchess.com"]
[Source "ChessBase"]
[SourceQuality "1"]
[TimeControl "40/4500+30:900+30"]

1. e4 c5 2. Nf3 d6 3. d4 cxd4 4. c3 Nf6 5. e5 dxe5 6. Nxe5 e6 7. Qa4+ Nbd7 8. cxd4 Be7 {[%emt 0:00:00] B21: Sicilian: 2 f4 and Morra Gambit.} 9. Be2 O-O 10. O-O Nb6 {[%emt 0:00:54] The position is equal.} 11. Qd1 Nbd5 12. Bf3 Bd7 13. Nc3 Bc6 {[%emt 0:00:35] [#]} 14. Bxd5 $146 ({Predecessor:} 14. Bg5 Rc8 15. Re1 Nb4 16. Bxf6 gxf6 17. Nxc6 bxc6 18. a3 Nd5 19. Bxd5 cxd5 20. Re3 {1-0 (41) Kolcak,M (2195)-Mokos,J (2245) Slovakia 2002}) 14... Bxd5 15. Bg5 h6 16. Bh4 Rc8 17. Rc1 a6 18. a3 b5 19. f4 (19. Qd2 $11 {keeps the balance.}) 19... Bb7 $17 20. Qd3 Nd5 21. Bxe7 Nxe7 22. Rc2 Nf5 23. Rd2 f6 24. Nf3 Qb6 25. Kh1 Rfd8 26. Rfd1 Rc4 27. Ne2 Bd5 {[%emt 0:01:53] Black is much more active.} 28. h3 (28. Ng3 $17 {keeps fighting.}) 28... Qb7 $19 29. Neg1 (29. Rf1 $142) 29... Be4 30. Qe2 {[%emt 0:00:43] [#]} (30. Qb3) 30... Ng3+ {[%emt 0:00:06] Weighted Error Value: White=0.40/Black=0.06 (flawless)} 0-1

[Event "GER-ch Youth-U14 2022"]
[Site "Willingen"]
[Date "2022.06.05"]
[Round "1.6"]
[White "Haubold, Christian Lucas"]
[Black "Schwan, Aaron"]
[Result "1-0"]
[ECO "B42"]
[WhiteElo "1921"]
[BlackElo "1671"]
[Annotator "TA"]
[PlyCount "39"]
[EventDate "2022.06.05"]
[EventType "swiss"]
[EventRounds "9"]
[EventCountry "GER"]
[SourceTitle "playchess.com"]
[Source "ChessBase"]
[SourceQuality "1"]
[TimeControl "40/4500+30:900+30"]

1. e4 c5 2. Nf3 e6 3. d4 cxd4 4. Nxd4 a6 5. Bd3 Qc7 6. a3 Nf6 7. Nc3 b5 {[%emt 0:00:00] B43: Sicilian: Kan Variation: 5 Nc3.} 8. O-O d6 9. f4 {[%emt 0:03:12] [#]} g6 $146 {[%emt 0:03:30] [#]} (9... Bb7 $11) ({Predecessor:} 9... Bb7 10. Kh1 Nbd7 11. Qf3 Be7 12. f5 e5 13. Nde2 h5 14. Bg5 Ng4 15. Bd2 Ndf6 16. h3 d5 17. Be1 Rd8 18. Bg3 Qb6 19. exd5 Rxd5 {½-½ (32) Areshchenko,A (2660)-Ivanchuk,V (2731) Foros 2006}) 10. e5 $1 $16 Nfd7 {[%emt 0:13:48] [#]} 11. exd6 {[%emt 0:05:01] White is much more active.} Qxd6 (11... Bxd6 $16 12. Be4 Ra7) 12. Be4 $18 Ra7 13. Qe2 $4 Qb6 (13... Qxd4+ $19 14. Kh1 (14. Be3 $2 Qxe3+ 15. Qxe3 Bc5 $19) 14... Qg7) 14. Be3 Bc5 15. Rad1 Qd8 {[%emt 0:07:54] [#]} (15... Rc7 {was worth a try.} 16. b4 Bxb4) 16. Nxe6 $1 {[%emt 0:01:28][%mdl 512] White is clearly winning.} fxe6 (16... Bxe3+ 17. Qxe3) 17. Bxc5 Nxc5 18. Rxd8+ Kxd8 19. Qe3 Rc7 20. Qd4+ {Weighted Error Value: White=0.62/Black=1.14} 1-0

[Event "GER-ch Youth-U14 2022"]
[Site "Willingen"]
[Date "2022.06.05"]
[Round "1.7"]
[White "Wunderlich, Elias"]
[Black "Honisch, Alexander"]
[Result "0-1"]
[ECO "C78"]
[WhiteElo "1619"]
[BlackElo "1878"]
[Annotator "NA RC COMBH"]
[PlyCount "120"]
[EventDate "2022.06.05"]
[EventType "swiss"]
[EventRounds "9"]
[EventCountry "GER"]
[SourceTitle "playchess.com"]
[Source "ChessBase"]
[SourceQuality "1"]
[TimeControl "40/4500+30:900+30"]

1. e4 e5 2. Nf3 Nc6 3. Bb5 a6 4. Ba4 Nf6 5. O-O b5 6. Bb3 Bc5 7. c3 d6 8. a4 Rb8 9. d4 Bb6 10. a5 Ba7 11. h3 O-O 12. Be3 exd4 {[%emt 0:01:24] 12...Re8 is the modern continuation.} 13. cxd4 Nb4 {[%emt 0:03:54] [#]} 14. e5 $146 ({Predecessor:} 14. Nc3 Bb7 15. Ng5 Qe7 16. e5 dxe5 17. Nxf7 e4 18. Nd6+ Kh8 19. Nxb7 Rxb7 20. Qe2 {½-½ (44) Vachier Lagrave,M (2767)-Caruana,F (2842) Ekaterinburg 2020}) 14... dxe5 15. Nxe5 Qd6 16. Qe2 Nbd5 17. Rd1 Be6 18. Bc2 Nb4 19. Nc3 Rbc8 (19... Rbe8 $15) 20. Ne4 Nxe4 21. Bxe4 Nd5 22. Rac1 c5 23. Bd2 cxd4 24. Nd3 Rfd8 25. Kh1 Rc4 26. Ne5 Rcc8 27. f4 Nf6 28. Bd3 Bd5 29. Kh2 Re8 30. Rxc8 Rxc8 31. Qf2 Be4 (31... Ne4 $19 32. Qe2 f5) 32. Re1 $17 Qd5 33. Qe2 Bxd3 34. Nxd3 h6 35. Nb4 Qb7 36. Qd3 Rd8 37. Rc1 Rd6 38. Qf5 g6 39. Qc8+ Qxc8 40. Rxc8+ Kg7 41. Rc6 Rxc6 42. Nxc6 Ne4 43. Bc1 Bc5 44. b4 Bd6 45. Bb2 Kf8 46. Bxd4 Ke8 47. Be5 Kd7 48. Nd4 Bxb4 49. Nb3 Kc6 50. Bg7 h5 51. g4 hxg4 52. hxg4 Kd5 53. f5 Nc5 54. Nc1 Bxa5 55. Ne2 Bd2 56. Kg3 b4 57. fxg6 fxg6 58. Bb2 Ke4 59. Ng1 Nd3 60. Ba1 Bc3 0-1

[Event "GER-ch Youth-U14 2022"]
[Site "Willingen"]
[Date "2022.06.05"]
[Round "1.8"]
[White "Kempe, Caius Emilian"]
[Black "Mader, Fabian"]
[Result "0-1"]
[ECO "D87"]
[WhiteElo "1973"]
[BlackElo "1652"]
[Annotator "TA"]
[PlyCount "92"]
[EventDate "2022.06.05"]
[EventType "swiss"]
[EventRounds "9"]
[EventCountry "GER"]
[SourceTitle "playchess.com"]
[Source "ChessBase"]
[SourceQuality "1"]
[TimeControl "40/4500+30:900+30"]

1. d4 Nf6 2. c4 g6 3. Nc3 d5 4. cxd5 Nxd5 5. e4 Nxc3 6. bxc3 Bg7 7. Bc4 O-O 8. Ne2 c5 9. O-O Nc6 10. Be3 Na5 11. Bd3 cxd4 12. cxd4 Nc6 13. Bc2 {[%emt 0:00:00] D88: Exchange Grünfeld: Classical Line: 10 Be3 cxd4 11 cxd4.} b6 14. Ba4 Na5 15. Bb5 {[%emt 0:20:05] Against Ba6. The position is equal.} Bb7 16. f3 a6 17. Bd3 {[%emt 0:04:01] [#]} Rc8 $146 ({Predecessor:} 17... Nc6 18. e5 Nb4 19. Be4 Nd5 20. Qd2 Qd7 21. Bh6 Bxh6 22. Qxh6 Rac8 23. Rac1 a5 {½-½ (39) Silva,R (2373)-Gonzalez,B (2531) ICCF email 2011}) 18. Rb1 Nc4 19. Bf2 b5 20. a4 Qd7 21. Rb4 Rfd8 22. Qa1 (22. axb5 $11 axb5 23. Re1) 22... e6 (22... Ne5 $5 23. Bxb5 Nxf3+ 24. gxf3 axb5 $15) 23. Rd1 (23. Bxc4 $11 {keeps the balance.} Rxc4 24. Rxc4 bxc4 25. Rb1) 23... Bf8 $1 $17 24. Rbb1 (24. Rb3 $142) 24... b4 ({Not} 24... bxa4 25. Bh4 Re8 26. Qa2 $11) 25. a5 {[%emt 0:02:31] [#]} Na3 $1 {[%emt 0:01:04] Black is more active.} 26. Rb3 Nb5 $2 (26... Bc6 $19 {White must now prevent ...Ba4.} 27. Rb2 (27. Bxa6 $2 Ra8 $19) 27... Ba4) 27. Qb2 $11 Bc6 28. Kh1 (28. Ra1 $11) 28... Ra8 (28... Nc7 $5 29. Bh4 Re8 30. Rxb4 Bxb4 31. Qxb4 Ba4 $15) 29. Qa1 {[%emt 0:02:35] [#] Black keeps a firm grip on the game.} (29. Ra1 $11 {remains equal.}) 29... Na3 $1 $17 30. Rc1 Ba4 31. Rb2 Bb5 32. Bxb5 Nxb5 33. Rc4 (33. Rd1 $17) 33... Rac8 34. Qc1 (34. Rc1 {was worth a try.}) 34... Nc3 $19 35. Rxc8 Rxc8 36. Qd2 (36. Nxc3 Rxc3 37. Qf1) 36... Qb5 {[%emt 0:00:52] Threatens to win with ...Nxe2.} 37. Nf4 Qf1+ 38. Bg1 Na4 39. Rb3 (39. Rc2 Rxc2 40. Qxc2) 39... Rc1 {[%emt 0:00:24][%csl Gc1][%cal Rf1g1] Black is clearly winning.} 40. Nh3 Nc3 41. Rb2 Re1 42. Qf2 Qxf2 43. Nxf2 Ne2 44. Nh3 Bh6 {[%emt 0:00:00] Hoping for ...Be3.} 45. Rb3 {[%emt 0:00:00] Against Be3} Nxg1 46. Nxg1 Be3 {Weighted Error Value: White=0.59/Black=0.28 (precise)} 0-1

[Event "GER-ch Youth-U14 2022"]
[Site "Willingen"]
[Date "2022.06.05"]
[Round "1.9"]
[White "Mainka, Ingmar"]
[Black "Klaska, Philipp Leon"]
[Result "0-1"]
[ECO "B85"]
[WhiteElo "1427"]
[BlackElo "1946"]
[Annotator "TA"]
[PlyCount "77"]
[EventDate "2022.06.05"]
[EventType "swiss"]
[EventRounds "9"]
[EventCountry "GER"]
[SourceTitle "playchess.com"]
[Source "ChessBase"]
[SourceQuality "1"]
[TimeControl "40/4500+30:900+30"]

1. e4 c5 2. Nf3 e6 3. d4 cxd4 4. Nxd4 a6 5. Nc3 Qc7 6. Be2 Nf6 7. O-O Nc6 8. Be3 Be7 9. f4 d6 10. Qe1 O-O 11. Qg3 Nxd4 12. Bxd4 b5 13. a3 Bb7 14. Rad1 Rad8 15. Bf3 Bc6 16. e5 {[%emt 0:06:59] B85: Sicilian Scheveningen: 6 Be2 a6, lines with early Be3.} (16. Rfe1 $11) 16... dxe5 $15 17. Bxe5 Qb7 {[%emt 0:03:42] [#]} 18. Bxc6 $146 {[%emt 0:05:56] Black is slightly better.} ({Predecessor:} 18. Kh1 g6 19. Bxc6 Qxc6 20. Qf3 Rxd1 21. Rxd1 Rc8 22. Qxc6 Rxc6 23. g3 Kf8 24. Kg2 Ke8 25. Kf3 Nd7 26. Bd4 f5 27. Rd2 Nb6 28. Bxb6 Rxb6 29. Ne2 {½-½ (29) Ponater,M-Maxion,D (2280) Hamburg 1993}) 18... Qxc6 19. b4 g6 20. Qf3 Qxf3 21. Rxf3 Rxd1+ 22. Nxd1 Rd8 23. Rd3 Rxd3 24. cxd3 {[%emt 0:00:05][%mdl 4096] Endgame KBN-KBN} Nd5 25. g3 Bd8 26. Bd4 Kf8 27. Kf2 Ke7 28. Kf3 Kd7 29. Nc3 (29. Nf2 $11 {remains equal.}) 29... Nxc3 $1 $17 30. Bxc3 {[%emt 0:00:04] [#] KB-KB} Kd6 $1 31. Ke3 Kd5 32. Bd4 {[%emt 0:00:33] Inhibits Bb6.} (32. Bb2 $17) 32... h6 33. Bc3 (33. Bg7 $17) 33... Bb6+ $19 34. Ke2 h5 35. Bf6 $2 {[%emt 0:00:38] Now White is beyond hope.} (35. Bd2 $17) 35... Bg1 36. h3 {[%emt 0:00:19] [#]} (36. Bd8 $142) 36... Bd4 $1 37. Bxd4 (37. Bd8) 37... Kxd4 38. Kd2 f6 (38... h4 $142 39. g4 f6) 39. g4 $2 {[%emt 0:00:39] Weighted Error Value: White=0.71/Black=0.24 (precise)} (39. h4) 0-1

[Event "GER-ch Youth-U14 2022"]
[Site "Willingen"]
[Date "2022.06.05"]
[Round "1.10"]
[White "Haubold, Sebastian Marcel"]
[Black "Deschler, Arne"]
[Result "1/2-1/2"]
[ECO "B19"]
[WhiteElo "1869"]
[BlackElo "1646"]
[Annotator "NA RC COMBH"]
[PlyCount "65"]
[EventDate "2022.06.05"]
[EventType "swiss"]
[EventRounds "9"]
[EventCountry "GER"]
[SourceTitle "playchess.com"]
[Source "ChessBase"]
[SourceQuality "1"]
[TimeControl "40/4500+30:900+30"]

1. e4 c6 2. d4 d5 3. Nc3 dxe4 4. Nxe4 Bf5 5. Ng3 Bg6 6. Nf3 Nd7 7. h4 h6 8. h5 Bh7 9. Bd3 Bxd3 10. Qxd3 Ngf6 11. Bd2 Qc7 12. O-O-O e6 13. Ne4 O-O-O 14. g3 Nxe4 15. Qxe4 Nf6 16. Qe2 c5 17. Rh4 Rd5 18. dxc5 Nxh5 19. Ra4 Bxc5 20. Rc4 b5 21. Rc3 b4 22. Rc4 a5 23. Be3 Nxg3 24. fxg3 Bxe3+ $11 25. Nd2 Bxd2+ 26. Rxd2 Rc5 27. Rcd4 Qb7 28. Qd3 Rd5 29. Qc4+ Qc7 30. Qa6+ Qb7 31. Qc4+ Qc7 32. Qa6+ Qb7 33. Qc4+ 1/2-1/2

[Event "GER-ch Youth-U14 2022"]
[Site "Willingen"]
[Date "2022.06.05"]
[Round "1.11"]
[White "Linnemann, Caspar"]
[Black "Campora, Daniel H."]
[Result "1/2-1/2"]
[ECO "B15"]
[WhiteElo "1720"]
[BlackElo "2397"]
[Annotator "TA"]
[PlyCount "134"]
[EventDate "2022.06.05"]
[EventType "swiss"]
[EventRounds "9"]
[EventCountry "GER"]
[SourceTitle "playchess.com"]
[Source "ChessBase"]
[SourceQuality "1"]
[TimeControl "40/4500+30:900+30"]

1. e4 c6 2. d4 d5 3. Nd2 dxe4 4. Nxe4 Nf6 5. Nxf6+ exf6 6. Be3 Bd6 {[%emt 0:00:00] B15: Caro-Kann: 3 Nc3: 3...g6 and 3...dxe4 4 Nxe4 Nf6 5 Nxf6+ exf6.} 7. Bc4 O-O 8. Ne2 Re8 9. O-O Nd7 10. Bb3 {[%emt 0:01:33] [#]} Nf8 $146 ({Predecessor:} 10... f5 11. Bf4 Nf8 12. Bxd6 Qxd6 13. Qd2 Ng6 14. Rfe1 Bd7 15. Rad1 Re7 16. Nc1 Rae8 17. Rxe7 Rxe7 {0-1 (33) Ageichenko,G (2216)-Pogosian,M (2394) Moscow 2019}) 11. Qd2 Ng6 12. Rfe1 Qc7 13. h3 {[%emt 0:03:01] [#]} (13. Ng3 $11) 13... Nh4 (13... Bxh3 $1 $19 {[%mdl 512] is more deadly.} 14. Qd3 (14. gxh3 $2 Qd7 $19) 14... Qd7) 14. Bf4 $17 {[%emt 0:19:06] [#]} Bxh3 $1 15. Bxd6 Qxd6 16. Qf4 Qxf4 17. Nxf4 Bf5 18. c3 Ng6 19. Nxg6 Bxg6 20. f3 Bf5 21. Kf2 Kf8 22. Ba4 Be6 23. Bc2 g6 24. a3 h5 25. Bd3 Kg7 26. Re2 Rad8 27. Rae1 b5 28. Bc2 Rh8 29. Be4 Rd6 30. Bc2 a5 31. Ra1 Rb8 32. b4 a4 33. Rb1 Bc4 34. Re3 Re6 35. Rbe1 Rbe8 36. Be4 Bd5 37. R1e2 (37. Bd3 $17) 37... Kf8 (37... h4 $19 38. Bd3 Rxe3 39. Rxe3 Rxe3 40. Kxe3 f5) 38. Re1 (38. Bd3 $17 {might work better.}) 38... R8e7 (38... f5 $19 39. Bd3 Rxe3 40. Rxe3 f4 41. Rxe8+ Kxe8) 39. R1e2 (39. Bd3 $17) 39... Ke8 (39... f5 $19 40. Bd3 Rxe3 41. Rxe3 f4 42. Rxe7 Kxe7) 40. Re1 (40. Bd3 $17) 40... Kd7 ({Black should try} 40... f5 $19 41. Bxd5 cxd5 42. Rxe6 fxe6) 41. R1e2 (41. Bd3 $17) 41... Kd6 42. Re1 Bc4 43. g3 f5 44. Bc2 Kd5 ({Better is} 44... Bd5 $19 45. Bd3 f6 46. Rxe6+ Bxe6) 45. Rxe6 Rxe6 46. Bb1 Rxe1 47. Kxe1 {[%emt 0:00:00][%mdl 4096] Endgame KB-KB} Ke6 {[%emt 0:00:47][%cal Of5f4] aiming for ...f4!} 48. Kf2 g5 49. Bc2 Kf6 (49... h4 $17 {...h3 is the strong threat.} 50. f4 hxg3+ 51. Kxg3 Kf6) 50. Kg2 (50. f4 $1 $15) 50... g4 (50... Bd5 $17 {Strongly threatening ...g4.} 51. Kf2 f4 52. gxf4 gxf4) 51. f4 $15 Bd5+ 52. Kf2 Be4 53. Bd1 Bd3 54. Ke3 Bc4 55. Kf2 Ke6 56. Bc2 Bd5 57. Ke3 Kf6 {[%emt 0:01:12][%cal Od5e4] White must now prevent ...Be4!} 58. Kf2 $1 Kg6 59. Bd1 Kf6 60. Bc2 $1 Ke6 61. Ke3 Bf3 62. Bd3 Kd5 {[%emt 0:00:53] Inhibits c4+.} 63. Bf1 ({Don't blunder} 63. Bxf5 $2 Kc4 64. Kd2 Kb3 $19) 63... Be4 64. Kf2 Bh1 65. Ke3 {[%emt 0:00:13] [#]} f6 (65... Bf3 $1 $17) 66. Bd3 $11 Be4 67. Bf1 Bh1 {Black had all chances to win.  Weighted Error Value: White=0.20 (precise) /Black=0.19 (very precise)} 1/2-1/2